 Dungeon Crawl Stone Soup version 0.32-a0-120-gfac0567ad4 (webtiles) character file.

Game seed: 12171298314991816002

39 grandjackal the Slasher (level 3, -7/28 HPs)
             Began as a Demonspawn Gladiator on Feb 6, 2024.
             Mangled by an iguana (10 damage)
             ... on level 2 of the Dungeon.
             The game lasted 00:01:26 (1005 turns).

grandjackal the Slasher (Demonspawn Gladiator)      Turns: 1005, Time: 00:01:27

Health: -7/28      AC: 10    Str: 14    XL:     3   Next: 26%
Magic:  3/3        EV: 11    Int:  8    God:
Gold:   41         SH:  4    Dex: 16    Spells: 2/2 levels left

rFire   . . .        a - +0 long sword
rCold   . . .        (no shield)
rNeg    . . .        m - +0 ring mail
rPois   +            c - +0 helmet
rElec   .            f - +2 cloak {rPois}
rCorr   .            g - +0 pair of gloves
SInv    .            (no boots)
Will    .....        (no amulet)
Stlth   +            (no ring)
HPRegen 0.24/turn    (no ring)
MPRegen 0.08/turn

%: no passive effects
@: no status effects
A: large bone plates 1
a: no special abilities


You were on level 2 of the Dungeon.
You visited 1 branch of the dungeon, and saw 2 of its levels.

You collected 41 gold pieces.

Inventory:

Hand Weapons
 a - a +0 long sword (weapon)
Missiles
 d - 3 throwing nets (quivered)
 e - a javelin
Armour
 c - a +0 helmet (worn)
 f - a +2 cloak of poison resistance (worn)
 g - a +0 pair of gloves (worn)
 m - a +0 ring mail (worn)
Scrolls
 h - a scroll of blinking {unknown}
 i - 4 scrolls of identify {unknown}
 k - 2 scrolls of enchant armour {unknown}
 l - a scroll of fog {unknown}
Potions
 b - a potion of brilliance {unknown}
 j - a potion of curing {unknown}
 n - a potion of resistance {unknown}


   Skills:
 + Level 2.7 Fighting
 + Level 3.2 Long Blades
 - Level 2.0 Throwing
 - Level 3.0 Dodging


You had 2 spell levels left.
You didn't know any spells.
Your spell library contained the following spells:

 Spells                   Type           Power      Damage    Failure   Level
 Sublimation of Blood     Necr           0%         N/A       80%         2
 Frozen Ramparts          Ice            0%         1d1       95%         3
 Leda's Liquefaction      Alch/Erth      0%         N/A       100%        4
 Petrify                  Alch/Erth      0%         N/A       100%        4
 Irradiate                Conj/Alch      0%         3d11      100%        5
 Metabolic Englaciation   Hex/Ice        0%         N/A       100%        5


Dungeon Overview and Level Annotations

Branches:
Dungeon (2/15)

Altars:

Shops:
D:1 (


Innate Abilities, Weirdness & Mutations

You are partially covered in large bone plates. (SH +4)


Message History

The stream of webbing hits you but does no damage.
You are caught in a web!
There is a web here.
You are caught in a web!
You are caught in a web!
You are caught in a web!
The web tears apart.
You hit the iguana.
The iguana is moderately wounded.
The iguana bites you!
You hit the iguana.
The iguana is heavily wounded.
The iguana bites you but does no damage.
The iguana completely misses you.
You hit the iguana but do no damage.
The iguana is heavily wounded.
The iguana bites you!
* * * LOW HITPOINT WARNING * * *
You barely miss the iguana.
The iguana is heavily wounded.
The iguana closely misses you.
You hit the iguana but do no damage.
The iguana is heavily wounded.
The iguana bites you but does no damage.
You completely miss the iguana.
The iguana is heavily wounded.
The iguana bites you.
* * * LOW HITPOINT WARNING * * *
You hit the iguana.
The iguana is heavily wounded.
The iguana bites you but does no damage.
The iguana bites you.
* * * LOW HITPOINT WARNING * * *
You hit the iguana.
The iguana is severely wounded.
The iguana barely misses you.
You hit the iguana but do no damage.
The iguana is severely wounded.
The iguana bites you!
You die...

.... #.#
#..# .....
#.# #..#
.....# #.#
#..# ......
#.# #..#
#....# #.#
###.... #.#
.......##.#
..........#
.....#@#.#
... #l#...
. .w##..#
...# ..#
....# ...
...... .>##
....... ##
##......


You could see a ribbon worm and an iguana.

Vanquished Creatures
  An adder (D:2)
  A dart slug (D:1)
  2 bats (D:1)
  5 endoplasms (D:1)
  3 goblins (D:1)
  4 hobgoblins
  A quokka (D:1)
  5 ball pythons
  3 frilled lizards (D:1)
  A kobold (D:1)
  A rat (D:1)
27 creatures vanquished.

Notes
Turn   | Place    | Note
-------+----------+-------------------------------------------
     0 | D:1      | grandjackal the Demonspawn Gladiator began the quest for
                  | the Orb.
     0 | D:1      | Reached XP level 1. HP: 16/16 MP: 1/1
   108 | D:1      | Found Nuweinet's Weapon Boutique.
   222 | D:1      | Gained mutation: You are partially covered in large bone
                  | plates. (SH +4) [demonic ancestry]
   222 | D:1      | Reached XP level 2. HP: 22/22 MP: 2/2
   903 | D:2      | Reached XP level 3. HP: 28/28 MP: 3/3
  1005 | D:2      | Mangled by an iguana

Illustrated notes

Levels and vault maps discovered:
D:1:      dpeg_arrival_pits, layout_loops_ring, serial_shops,
          nicolae_shop_tiny_statue_garden, minivault_4, roderic_serpentine_path,
          nicolae_eternal_life, minmay_pentomino_v4
D:2:      layout_basic

Skill      XL: |  1  2 |
---------------+-------+-----
Throwing       | 2 |  2.0
Long Blades    | 3 |  3.2
Dodging        | 3 |  3.0
Fighting       | |  2.7

Action                     || total
---------------------------++-------
  Melee: Long sword        ||    74
         Punch             ||     4
   Stab: Sleeping          ||     2
 Armour: Leather armour    ||    26
         Ring mail         ||    18
  Dodge: Dodged            ||    48
  Block: Other             ||    10

Table legend: (Time is in decaauts)
 A = Elapsed time spent in this place.
 B = Non-inter-level travel time spent in this place.
 C = Inter-level travel time spent in this place.
 D = Time resting spent in this place.
 E = Time spent auto-exploring this place.
 F = Levels seen in this place.
 G = Mean time per level.
                   A        B        C        D        E       F      G
               +--------+--------+--------+--------+--------+-----+--------+
         Total |   1023 |    972 |     51 |      0 |    733 |   2 |  511.5 |
       Dungeon |   1023 |    972 |     51 |      0 |    733 |   2 |  511.5 |
               +--------+--------+--------+--------+--------+-----+--------+

Top non-repeatable levels by time:
     D:1: 906 daAuts
     D:2: 116 daAuts
